 Dungeon Crawl Stone Soup version 0.21.1-1-g345015f (webtiles) character file.

2167 asishallab the Insei (level 9, -5/74 HPs)
             Began as a Gnoll Monk on July 22, 2018.
             Was a Believer of Ru.
             Killed from afar by an electric eel (12 damage)
             ... with a bolt of electricity
             ... on level 7 of the Dungeon.
             The game lasted 00:16:37 (6118 turns).

asishallab the Insei (Gnoll Monk)                   Turns: 6118, Time: 00:16:38

Health: -5/74      AC: 15    Str: 14    XL:     9   Next: 32%
Magic:  15/15      EV:  6    Int: 16    God:    Ru [**....]
Gold:   265        SH: 21    Dex: 21    Spells: 16/16 levels left

rFire    . . .     SeeInvis +   n - +4 short sword (elec)
rCold    . . .     Gourm    .   i - +1 large shield
rNeg     . . .     Faith    .   y - +5 chain mail "Waanom" {Int+4 SInv}
rPois    .         Spirit   .   (no helmet)
rElec    .         Reflect  +   (no cloak)
rCorr    .         Harm     .   (no gloves)
MR       .....     Rnd*Tele +   q - +0 pair of boots
Stlth    +.........             t - +2 amulet of reflection
HPRegen  0.62/turn              h - ring of teleportation
MPRegen  0.14/turn              r - ring of wizardry

@: no status effects
A: distributed training, fangs 1, large bone plates 1, regeneration 1, hated by
all, no air magic, no conjurations magic, no transmutations magic, strong nose
a: Renounce Religion


You were on level 7 of the Dungeon.
You worshipped Ru.
Ru was pleased with you.
You were not hungry.

You visited 2 branches of the dungeon, and saw 8 of its levels.

You collected 265 gold pieces.

Inventory:

Hand Weapons
 l - a +0 spear
 n - a +4 short sword of electrocution (weapon)
Missiles
 k - 149 stones (quivered)
Armour
 i - a +1 large shield (worn)
 q - a +0 pair of boots (worn)
 y - the +5 chain mail "Waanom" (worn) {Int+4 SInv}
   (You found it on level 6 of the Dungeon)

   It affects your intelligence (+4).
   It lets you see invisible.
Jewellery
 h - a ring of teleportation (left hand)
 r - a ring of wizardry (right hand)
 t - a +2 amulet of reflection (around neck)
Scrolls
 c - a scroll of fear
 d - a scroll of enchant weapon
 e - a scroll of blinking
 j - a scroll of fog
 m - 2 scrolls of teleportation
 s - a scroll of immolation {unknown}
Potions
 a - a potion of haste
 f - a potion of magic {unknown}
 g - a potion of cancellation
 p - a potion of might
Comestibles
 b - 7 rations
 o - 19 chunks of flesh


   Skills:
 + Level 7.8 Fighting
 + Level 4.0 Short Blades
 + Level 4.0 Long Blades
 + Level 4.0 Axes
 + Level 4.0 Maces & Flails
 + Level 4.0 Polearms
 + Level 4.0 Staves
 + Level 4.0 Slings
 + Level 4.0 Bows
 + Level 4.0 Crossbows
 + Level 4.0 Throwing
 + Level 4.0 Armour
 + Level 7.8 Dodging
 + Level 5.9 Stealth
 + Level 4.0 Shields
 + Level 7.8 Unarmed Combat
 + Level 4.0 Spellcasting
   Level 0.0 Conjurations
 + Level 3.3 Hexes
 + Level 3.3 Charms
 + Level 3.3 Summonings
 + Level 3.3 Necromancy
 + Level 3.3 Translocations
   Level 0.0 Transmutations
 + Level 3.3 Fire Magic
 + Level 3.3 Ice Magic
   Level 0.0 Air Magic
 + Level 3.3 Earth Magic
 + Level 3.3 Poison Magic
 + Level 4.4 Invocations
 + Level 4.0 Evocations


You had 16 spell levels left.
You didn't know any spells.

Dungeon Overview and Level Annotations

Branches:
Dungeon (7/15)             Temple (1/1) D:4

Altars:
Ashenzari
Cheibriados
Dithmenos
Elyvilon
Fedhas
Gozag
Hepliaklqana
Kikubaaqudgha
Makhleb
Okawaru
Ru
Sif Muna
Trog
Uskayaw
Vehumet
Wu Jian
Xom
Yredelemnul
Zin
The Shining One


Innate Abilities, Weirdness & Mutations

Your experience applies equally to all skills.
You have very sharp teeth.
You are hated by all.
You cannot study or cast Air magic.
You cannot study or cast Conjurations magic.
You cannot study or cast Transmutations magic.
Your uncanny sense of smell can sniff out nearby items.
You are partially covered in large bone plates. (SH +4)
Your natural rate of healing is unusually fast.


Message History

Aim: an electric eel (water, heavily wounded)
You throw a stone. The stone misses the electric eel.
You hear a splash.
The electric eel shoots out a bolt of lightning at you!
The bolt of electricity hits you! x2
Throwing (i - inventory):
k - 150 stones (quivered)
Press: ? - help, Shift-Dir - straight line, f/p - electric eel
Aim: an electric eel (water, heavily wounded)
You throw a stone. The stone hits the electric eel.
The electric eel is heavily wounded.
You hear a splash.
The electric eel shoots out a bolt of lightning at you!
The bolt of electricity hits you!
* * * LOW HITPOINT WARNING * * *
The bolt of electricity misses you.
The electric eel shoots out a bolt of lightning at you!
The bolt of electricity hits you!
* * * LOW HITPOINT WARNING * * *
The bolt of electricity hits you!
You die...

# ..≈≈≈≈###≈≈≈≈. #.
..≈≈≈≈≈≈≈≈≈..
####.## ..≈≈;≈≈≈≈...
......###
..........# #.
.....# ........#
#.##..#.######
.....♣
#.....#......###'''#
#..##.#.####...@...#
.#..##.#.# #########
.........#
###)###### .)).#
#####


You could see an electric eel.

Vanquished Creatures
  The ghost of Jaiteiro the Gusty, an amateur DrAE (D:5)
  A hippogriff (D:7)
  The ghost of grocchini the Digger, an amateur GrEE (D:4)
  A wyvern (D:7)
  An orc warrior (D:5)
  2 ogres
  A scorpion (D:7)
  4 howler monkeys
  A jelly (D:5)
  A crimson imp (D:6)
  A centaur zombie (D:6)
  8 hounds
  4 orc wizards
  2 orc priests
  An iguana (D:6)
  5 worker ants
  A hound zombie (D:7)
  4 gnolls (D:6)
  8 adders
  5 shadow imps
  2 oozes
  An adder zombie (D:5)
  5 worms
  A dart slug (D:1)
  2 leopard geckos
  20 orcs
  A ball python (D:1)
  9 bats
  2 giant cockroaches (D:2)
  2 goblins (D:2)
  4 hobgoblins
  8 jackals
  4 quokkas
  5 frilled lizards
  A giant cockroach zombie (D:3)
  A jackal skeleton (D:6)
  6 kobolds
  A leopard gecko skeleton (D:2)
  A quokka skeleton (D:4)
  7 rats
136 creatures vanquished.

Vanquished Creatures (others)
  A centaur (D:6)
  A jelly (D:7)
2 creatures vanquished.

Grand Total: 138 creatures vanquished

Notes
Turn   | Place    | Note
-------+----------+-------------------------------------------
     0 | D:1      | asishallab the Gnoll Monk began the quest for the Orb.
     0 | D:1      | Reached XP level 1. HP: 23/23 MP: 1/1
   269 | D:1      | Reached XP level 2. HP: 29/29 MP: 2/2
   624 | D:2      | Reached XP level 3. HP: 35/35 MP: 3/3
   872 | D:2      | Reached skill level 1 in Invocations
   972 | D:2      | Reached skill level 1 in Short Blades
   972 | D:2      | Reached skill level 1 in Long Blades
   972 | D:2      | Reached skill level 1 in Axes
   972 | D:2      | Reached skill level 1 in Maces & Flails
   972 | D:2      | Reached skill level 1 in Polearms
   972 | D:2      | Reached skill level 1 in Staves
   972 | D:2      | Reached skill level 1 in Slings
   972 | D:2      | Reached skill level 1 in Bows
   972 | D:2      | Reached skill level 1 in Crossbows
   972 | D:2      | Reached skill level 1 in Throwing
   972 | D:2      | Reached skill level 1 in Armour
   972 | D:2      | Reached skill level 1 in Shields
   972 | D:2      | Reached skill level 1 in Spellcasting
   972 | D:2      | Reached skill level 1 in Evocations
   972 | D:2      | Reached XP level 4. HP: 41/41 MP: 5/5
  1285 | D:3      | Found a snail-covered altar of Cheibriados.
  1371 | D:3      | Reached skill level 1 in Conjurations
  1371 | D:3      | Reached skill level 1 in Hexes
  1371 | D:3      | Reached skill level 1 in Charms
  1371 | D:3      | Reached skill level 1 in Summonings
  1371 | D:3      | Reached skill level 1 in Necromancy
  1371 | D:3      | Reached skill level 1 in Translocations
  1371 | D:3      | Reached skill level 1 in Transmutations
  1371 | D:3      | Reached skill level 1 in Fire Magic
  1371 | D:3      | Reached skill level 1 in Ice Magic
  1371 | D:3      | Reached skill level 1 in Air Magic
  1371 | D:3      | Reached skill level 1 in Earth Magic
  1371 | D:3      | Reached skill level 1 in Poison Magic
  1601 | D:3      | Reached XP level 5. HP: 47/47 MP: 6/6
  1695 | D:4      | Noticed grocchini's ghost (amateur GrEE)
  1958 | D:4      | Reached XP level 6. HP: 38/53 MP: 6/8
  2193 | D:4      | Killed grocchini's ghost
  2193 | D:4      | Reached XP level 7. HP: 13/59 MP: 10/10
  2794 | D:4      | Found a staircase to the Ecumenical Temple.
  2800 | Temple   | Entered the Ecumenical Temple
  2857 | Temple   | Became a worshipper of Ru the Awakened
  3000 | Temple   | Gained mutation: You cannot study or cast Air magic. [Ru sacrifice]
  3000 | Temple   | Gained mutation: You cannot study or cast Transmutations magic. [Ru sacrifice]
  3000 | Temple   | Gained mutation: You cannot study or cast Conjurations magic. [Ru sacrifice]
  3000 | Temple   | Reached * piety under Ru
  3082 | D:4      | Found a shadowy altar of Dithmenos.
  3167 | D:4      | Found a shattered altar of Ashenzari.
  3711 | D:4      | Found a glowing silver altar of Zin.
  3843 | D:5      | Entered Level 5 of the Dungeon
  4155 | D:5      | Reached skill level 5 in Stealth
  4400 | D:5      | Noticed Jaiteiro's ghost (amateur DrAE)
  4416 | D:5      | Reached XP level 8. HP: 58/67 MP: 12/12
  4437 | D:5      | Killed Jaiteiro's ghost
  4797 | D:5      | Found an iron altar of Okawaru.
  5484 | D:6      | Found a basalt altar of Yredelemnul.
  5687 | D:6      | Got a fine chain mail
  5698 | D:6      | Identified the +5 chain mail "Waanom" {Int+4 SInv} (You found it on level 6 of the Dungeon)
  5700 | D:6      | Gained mutation: You are partially covered in large bone plates. (SH +4) [potion of mutation]
  5700 | D:6      | Gained mutation: Your natural rate of healing is unusually fast. [potion of mutation]
  5823 | D:6      | Reached XP level 9. HP: 72/72 MP: 14/14
  6015 | D:7      | Gained mutation: You are hated by all. [Ru sacrifice]
  6015 | D:7      | Reached ** piety under Ru
  6118 | D:7      | Killed from afar by an electric eel

Skill      XL: |  1  2  3  4  5  6  7  8  9 |
---------------+----------------------------+-----
Invocations    | 1 2 3 4 |  4.4
Short Blades   | 1 2 3 4 |  4.0
Long Blades    | 1 2 3 4 |  4.0
Axes           | 1 2 3 4 |  4.0
Maces & Flails | 1 2 3 4 |  4.0
Polearms       | 1 2 3 4 |  4.0
Staves         | 1 2 3 4 |  4.0
Slings         | 1 2 3 4 |  4.0
Bows           | 1 2 3 4 |  4.0
Crossbows      | 1 2 3 4 |  4.0
Throwing       | 1 2 3 4 |  4.0
Armour         | 1 2 3 4 |  4.0
Shields        | 1 2 3 4 |  4.0
Spellcasting   | 1 2 3 4 |  4.0
Evocations     | 1 2 3 4 |  4.0
Conjurations   | 1 0 |  0.0
Hexes          | 1 2 3 |  3.3
Charms         | 1 2 3 |  3.3
Summonings     | 1 2 3 |  3.3
Necromancy     | 1 2 3 |  3.3
Translocations | 1 2 3 |  3.3
Transmutations | 1 0 |  0.0
Fire Magic     | 1 2 3 |  3.3
Ice Magic      | 1 2 3 |  3.3
Air Magic      | 1 0 |  0.0
Earth Magic    | 1 2 3 |  3.3
Poison Magic   | 1 2 3 |  3.3
Fighting       | 7 |  7.8
Dodging        | 7 |  7.8
Unarmed Combat | 7 |  7.8
Stealth        | 5 |  5.9

Action                   |  1- 3 |  4- 6 |  7- 9 || total
-------------------------+-------+-------+-------++-------
Melee: Unarmed           |    56 |       |       ||    56
       Bite              |    12 |    18 |    32 ||    62
       Short sword       |    31 |   121 |   217 ||   369
Throw: Stone             |       |    10 |    10 ||    20
       Tomahawk          |       |     6 |    18 ||    24
Invok: Sacrifice Arcana  |       |       |     1 ||     1
       Sacrifice Love    |       |       |     1 ||     1
  Use: Scroll            |       |     6 |     2 ||     8
       Potion            |       |     4 |     8 ||    12
 Stab: Sleeping          |     3 |     1 |       ||     4
       Distracted        |       |     1 |     1 ||     2
  Eat: Chunk             |       |     4 |    13 ||    17
Armor: Scale mail        |    33 |    40 |       ||    73
       Robe              |     1 |       |       ||     1
       Chain mail        |       |       |    54 ||    54
Dodge: Dodged            |    52 |    71 |    20 ||   143
Block: Buckler           |     5 |    24 |     4 ||    33
       Reflection        |       |     1 |     4 ||     5
       Large shield      |       |       |   140 ||   140
